 Dungeon Crawl Stone Soup version 0.18.1-48-g4cf74bf (webtiles) character file.

11435 Nadrilmar the Thaumaturge (level 11, -14/56 HPs)
             Began as a Deep Elf Conjurer on Sept 3, 2016.
             Was an Elder of Sif Muna.
             Demolished by a sun demon (28 damage)
             ... summoned by an orc high priest
             ... on level 2 of the Orcish Mines on Sept 4, 2016.
             The game lasted 03:19:25 (16689 turns).

Nadrilmar the Thaumaturge (Deep Elf Conjurer)      Turns: 16689, Time: 03:19:26

Health: -14/56     AC:  6    Str:  5    XL:     11   Next: 49%
Magic:  6/30       EV: 19    Int: 29    God:    Sif Muna [****..]
Gold:   481        SH:  0    Dex: 21    Spells: 10 memorised, 2 levels left

rFire  + + +     SeeInvis .     L - +8 flail of Parts Unknown {elec, *Noise rF+++ rN+ Dex+6}
rCold  . . .     Gourm    .     k - +2 robe {MR+}
rNeg   + + .     Faith    .     (no shield)
rPois  .         Spirit   .     H - +2 hat
rElec  .         Dismiss  .     (no cloak)
rCorr  .         Reflect  .     (no gloves)
SustAt .         Harm     .     (no boots)
MR     ++...                    (no amulet)
Stlth  +++.......               M - +5 ring of intelligence
                                C - ring of positive energy

@: about to teleport, very resistant to hostile enchantments, fairly stealthy
A: no striking features
a: Channel Energy, Forget Spell, Renounce Religion


You were on level 2 of the Orcish Mines.
You worshipped Sif Muna.
Sif Muna was greatly pleased with you.
You were not hungry.

You visited 3 branches of the dungeon, and saw 14 of its levels.

You collected 820 gold pieces.
You spent 339 gold pieces at shops.

Inventory:

Hand Weapons
 L - the +8 flail of Parts Unknown (weapon) {elec, *Noise rF+++ rN+ Dex+6}
   (You found it on level 6 of the Dungeon)

   Occasionally, upon striking a foe, it will discharge some electrical energy
   and cause terrible harm.
   It affects your dexterity (+6).
   It renders you almost immune to fire.
   It protects you from negative energy.
   It may make noises in combat.
Armour
 k - a +2 robe of magic resistance (worn)
 A - a +0 helmet
 H - a +2 hat (worn)
 P - a +2 robe of cold resistance
 Z - a +0 robe of positive energy
Jewellery
 y - an uncursed ring of fire
 B - a +4 ring of intelligence
 C - a ring of positive energy (left hand)
 M - a +5 ring of intelligence (right hand)
 T - an uncursed ring of flight
Wands
 z - a wand of digging (11/24)
 E - a wand of iceblast (6/15)
 G - a wand of flame (37/48)
 I - a wand of iceblast (7/15)
 U - a wand of acid (5/15)
 W - a wand of paralysis (13/24)
Scrolls
 j - a scroll of teleportation
 o - 6 scrolls of remove curse
 p - 5 scrolls of fog
 v - a scroll of magic mapping
 w - 2 scrolls of recharging
Potions
 e - 2 potions of degeneration {unknown}
 f - a potion of cancellation {unknown}
 h - 2 potions of lignification {unknown}
 i - a potion of berserk rage {unknown}
 l - 4 potions of brilliance {unknown}
 r - a potion of resistance {unknown}
 t - a potion of might {unknown}
 u - a potion of cure mutation {unknown}
 F - 4 potions of curing {unknown}
 J - 4 potions of heal wounds
 O - a potion of flight {unknown}
 X - 2 potions of haste {unknown}
 Y - a potion of mutation {unknown}
Books
 b - a book of Conjurations

   Spells                             Type                      Level
   a - Magic Dart                     Conjuration                  1
   b - Searing Ray                    Conjuration                  2
   c - Dazzling Spray                 Conjuration/Hexes            3
   d - Fulminant Prism                Conjuration/Hexes            4
   e - Iskenderun's Mystic Blast      Conjuration                  4
   f - Iskenderun's Battlesphere      Conjuration/Charms           5
 m - the Disquisition on Torrid Evil
   (You acquired it on level 10 of the Dungeon)

   Spells                             Type                      Level
   a - Throw Flame                    Conjuration/Fire             2
   b - Regeneration                   Charms/Necromancy            3
   c - Sticky Flame                   Conjuration/Fire             4
   d - Excruciating Wounds            Charms/Necromancy            5
   e - Bolt of Draining               Conjuration/Necromancy       5
   f - Fireball                       Conjuration/Fire             5
 K - a book of Envenomations

   Spells                             Type                      Level
   a - Spider Form                    Transmutation/Poison         3
   b - Olgreb's Toxic Radiance        Poison                       4
   c - Alistair's Intoxication        Transmutation/Poison         5
   d - Poisonous Cloud                Conjuration/Poison/Air       6
 R - a book of Minor Magic

   Spells                             Type                      Level
   a - Magic Dart                     Conjuration                  1
   b - Blink                          Translocation                2
   c - Call Imp                       Summoning                    2
   d - Repel Missiles                 Charms/Air                   2
   e - Slow                           Hexes                        2
   f - Conjure Flame                  Conjuration/Fire             3
   g - Mephitic Cloud                 Conjuration/Poison/Air       3
Comestibles
 a - 3 beef jerkies
 c - 3 bread rations
 d - a royal jelly
 g - 2 fruits
 x - a slice of pizza
 V - 2 meat rations


   Skills:
 + Level 1.6 Fighting
   Level 0.4 Short Blades
 + Level 7.6 Dodging
 + Level 5.1 Stealth
 + Level 13.6 Spellcasting
 + Level 11.4 Conjurations
 + Level 7.7 Hexes
 + Level 1.1 Charms
 + Level 0.2 Translocations
 + Level 0.4 Fire Magic
 + Level 0.2 Air Magic
 + Level 0.2 Poison Magic
 * Level 6.3 Invocations
 + Level 1.2 Evocations


You had 2 spell levels left.
You knew the following spells:

 Your Spells              Type           Power        Failure   Level  Hunger
b - Searing Ray           Conj           ######       1%          2    None
c - Dazzling Spray        Conj/Hex       ######       1%          3    None
d - Iskenderun's Mystic   Conj           ######..     1%          4    None
e - Fulminant Prism       Conj/Hex       ######....   1%          4    None
f - Blink                 Tloc           N/A          3%          2    None
g - Iskenderun's Battles  Conj/Chrm      ######..     8%          5    #......
h - Mephitic Cloud        Conj/Pois/Air  #####...     1%          3    None
i - Sticky Flame          Conj/Fire      ######..     2%          4    None
j - Fireball              Conj/Fire      ######....   10%         5    #......
k - Regeneration          Chrm/Necr      ###.......   10%         3    None


Dungeon Overview and Level Annotations

Branches:
Dungeon (11/15)            Temple (1/1) D:5            Lair (0/8) D:10
    Orc (2/2) D:10
    Elf: Orc:2

Altars:
Ashenzari
Cheibriados
Dithmenos
Elyvilon
Fedhas
Gozag
Kikubaaqudgha
Makhleb
Nemelex Xobeh
Okawaru
Pakellas
Qazlal
Ru
Sif Muna
Trog
Vehumet
Xom
Yredelemnul
Zin
The Shining One

Shops:
D:7 *[   D:9 (   D:10 *

Annotations:
D:5 1 runed door


Message History

The boulder beetle curls into a ball and starts rolling!
Found a large rock.
You see here 18 stones.
You channel some magical energy.
You feel somewhat more hungry.
An orc priest comes into view. It is wielding a trident.
The orc high priest mumbles some strange prayers.
Read which item? (? for menu, Esc to quit)
As you read the scroll of teleportation, it crumbles to dust.
You feel strangely unstable. The orange demon misses you.
The boulder beetle stops rolling.
The orc priest shouts!
The orc priest calls down the wrath of Beogh upon you.
You resist with almost no effort.
The orc high priest invokes the aid of Beogh against you.
Beogh smites you!
* * * LOW HITPOINT WARNING * * *
The boulder beetle curls into a ball and starts rolling!
The sun demon hits you!!
Ouch! That really hurt!
You die...

#.##$## ## ...... ##.####
#....## #...#.##
#####.....## ...#.....#
##.#........# .........#
#...........#...........
#.............#.##.....
#...@(#....### ##....
###..3##........##.....
##§B.o4...#o..........##
##..§..#..(.............#
#.......(..#......o......
#.......((.............(.
#.......#.#.............#
#.$.....4............$.#.
##.......................


You could see a boulder beetle, an orc high priest, a sun demon, an orange demon
and an orc priest.

Vanquished Creatures
  Gastronok (D:8)
  An orc high priest (Orc:2)
  Nergalle (D:10)
  2 hill giants
  Pikel (D:4)
  An orc sorcerer (Orc:2)
  A troll (D:9)
  Grinder (D:5)
  Sigmund (D:3)
  A wyvern (D:10)
  A hippogriff (D:9)
  A hungry ghost (D:9)
  Grum (D:8)
  Edmund (D:5)
  4 wargs (Orc:2)
  A water moccasin (D:10)
  4 sky beasts
  2 slaves (D:4)
  4 ogres
  4 orc warriors
  3 phantoms
  3 wolves (D:8)
  4 centaurs
  A big kobold (D:8)
  The ghost of Heedrag the Conjurer, an amateur DECj (D:3)
  4 giant frogs
  A gnoll sergeant (D:10)
  3 scorpions
  7 killer bees
  A vampire bat (D:4)
  7 wights
  2 howler monkeys
  An electric eel (D:6)
  A giant frog zombie (D:3)
  2 crimson imps
  3 jellies
  A quasit (D:4)
  A centaur skeleton (D:4)
  11 orc wizards
  19 orc priests
  2 giant frog skeletons
  4 hounds
  2 iguanas
  Natasha (D:4)
  Terence (D:3)
  6 worker ants
  A hound zombie (D:6)
  7 gnolls
  11 adders
  2 shadow imps (D:8)
  An adder zombie (D:8)
  2 worms (D:2)
  A dart slug (D:2)
  3 fire bats (D:4)
  5 giant geckos
  41 orcs
  2 spectral bats (D:4)
  2 ball pythons
  14 bats
  3 bat skeletons (D:4)
  A bat zombie (D:4)
  8 giant cockroaches
  9 goblins
  9 hobgoblins
  10 jackals
  15 kobolds
  3 quokkas
  A bat simulacrum (D:4)
  3 giant newts
  6 rats
  4 butterflies (D:5)
290 creatures vanquished.

Vanquished Creatures (others)
  An ogre (Orc:2)
  An orc (Orc:2)
  35 fulminant prisms
37 creatures vanquished.

Grand Total: 327 creatures vanquished

Notes
Turn   | Place    | Note
--------------------------------------------------------------
     0 | D:1      | Nadrilmar the Deep Elf Conjurer began the quest for the Orb.
     0 | D:1      | Reached XP level 1. HP: 10/10 MP: 6/6
   427 | D:1      | Reached XP level 2. HP: 15/15 MP: 6/8
   432 | D:1      | Learned a level 2 spell: Searing Ray
   615 | D:1      | Reached skill level 5 in Conjurations
   882 | D:2      | Reached XP level 3. HP: 19/19 MP: 6/9
  1018 | D:2      | Found a shimmering altar of Xom.
  1036 | D:2      | Found an oddly glowing altar of Pakellas.
  1085 | D:2      | Found a burning altar of Makhleb.
  1085 | D:2      | Noticed a balrug
  1089 | D:2      | Noticed a ynoxinul
  1089 | D:2      | Noticed an orange demon
  1649 | D:2      | Reached skill level 4 in Spellcasting
  1736 | D:3      | Reached XP level 4. HP: 24/24 MP: 9/12
  1827 | D:3      | Learned a level 3 spell: Dazzling Spray
  1832 | D:3      | Learned a level 4 spell: Iskenderun's Mystic Blast
  1929 | D:3      | Noticed Terence
  2259 | D:3      | Reached XP level 5. HP: 24/28 MP: 9/13
  2353 | D:3      | Noticed Heedrag's ghost (amateur DECj)
  2360 | D:3      | Killed Heedrag's ghost
  2360 | D:3      | Reached skill level 5 in Spellcasting
  2381 | D:3      | Noticed Sigmund
  2583 | D:3      | Killed Terence
  2899 | D:3      | Killed Sigmund
  2899 | D:3      | Reached skill level 6 in Spellcasting
  2899 | D:3      | Reached XP level 6. HP: 29/32 MP: 3/17
  3573 | D:4      | Noticed a slave
  3684 | D:4      | Reached XP level 7. HP: 31/36 MP: 5/18
  3804 | D:4      | Learned a level 4 spell: Fulminant Prism
  4010 | D:4      | Reached skill level 1 in Hexes
  4435 | D:4      | Noticed Pikel
  4527 | D:4      | Killed Pikel
  4527 | D:4      | Reached skill level 1 in Fighting
  4527 | D:4      | Reached skill level 7 in Spellcasting
  4527 | D:4      | Reached XP level 8. HP: 13/43 MP: 1/21
  4781 | D:4      | Got a crystal rapier
  4786 | D:4      | Identified the +7 rapier "Tuomagro" {antimagic, rPois Dex+3 Stlth-} (You found it on level 4 of the Dungeon)
  4810 | D:4      | Reached skill level 8 in Spellcasting
  4962 | D:5      | Entered Level 5 of the Dungeon
  4962 | D:5      | Noticed Grinder
  5554 | D:4      | Noticed Natasha
  5563 | D:4      | Killed Natasha
  5669 | D:5      | Killed Grinder
  6019 | D:5      | Reached skill level 9 in Spellcasting
  6059 | D:5      | Found a staircase to the Ecumenical Temple.
  6070 | Temple   | Entered the Ecumenical Temple
  6284 | Temple   | Became a worshipper of Sif Muna the Loreminder
  6299 | D:5      | Noticed Edmund
  6316 | D:5      | Killed Edmund
  6316 | D:5      | Reached skill level 5 in Dodging
  7153 | D:5      | Found a runed door.
  7260 | D:5      | Reached XP level 9. HP: 47/47 MP: 16/24
  7477 | D:5      | Found a runed door.
  7483 | D:5      | Reached * piety under Sif Muna
  7486 | D:5      | Reached skill level 10 in Spellcasting
  7820 | D:6      | Got an ichor-stained flail
  7821 | D:6      | Identified the +8 flail of Parts Unknown {elec, *Noise rF+++ rN+ Dex+6} (You found it on level 6 of the Dungeon)
  7893 | D:6      | Reached skill level 5 in Hexes
  8976 | D:7      | Found an iron altar of Okawaru.
  9145 | D:7      | Reached skill level 1 in Invocations
  9290 | D:7      | Found Adutzor's General Store.
  9374 | D:7      | Bought a wand of paralysis (13/24) for 165 gold pieces
  9374 | D:7      | Bought a scroll of identify for 22 gold pieces
  9391 | D:7      | Found an iron altar of Okawaru.
  9747 | D:7      | Found a glowing golden altar of the Shining One.
 10087 | D:7      | Reached ** piety under Sif Muna
 10197 | D:7      | Found Jial's Armour Emporium.
 10205 | D:7      | Bought a +1 robe of cold resistance for 152 gold pieces
 10421 | D:8      | Reached skill level 11 in Spellcasting
 10430 | D:8      | Noticed Grum
 10434 | D:8      | Reached skill level 10 in Conjurations
 10438 | D:8      | Killed Grum
 10438 | D:8      | Reached XP level 10. HP: 22/52 MP: 1/27
 10735 | D:8      | Learned a level 2 spell: Blink
 10741 | D:8      | Learned a level 5 spell: Iskenderun's Battlesphere
 10825 | D:8      | Found a basalt altar of Yredelemnul.
 10836 | D:8      | Found a burning altar of Makhleb.
 10852 | D:8      | Found a stormy altar of Qazlal.
 10937 | D:8      | Noticed Gastronok
 10944 | D:8      | Killed Gastronok
 10944 | D:8      | Reached *** piety under Sif Muna
 10944 | D:8      | Reached skill level 1 in Evocations
 10973 | D:8      | Reached skill level 12 in Spellcasting
 11614 | D:8      | Found a radiant altar of Vehumet.
 12708 | D:9      | Found Ewes's Antique Weapon Emporium.
 12892 | D:9      | Noticed a hill giant
 12902 | D:9      | Killed a hill giant
 13749 | D:10     | Entered Level 10 of the Dungeon
 13768 | D:10     | Found a staircase to the Orcish Mines.
 13870 | D:10     | Reached XP level 11. HP: 56/56 MP: 12/29
 14151 | D:10     | Found a staircase to the Lair.
 14277 | D:10     | Noticed Nergalle
 14282 | D:10     | Learned a level 3 spell: Mephitic Cloud
 14322 | D:10     | Noticed a hill giant
 14324 | D:10     | Killed a hill giant
 14324 | D:10     | Reached skill level 13 in Spellcasting
 14324 | D:10     | Reached skill level 5 in Invocations
 14716 | D:10     | Killed Nergalle
 14716 | D:10     | Reached **** piety under Sif Muna
 14880 | D:10     | Found Xaoxixis's General Store.
 15673 | D:10     | Identified a scroll of acquirement
 15674 | D:10     | Identified the Disquisition on Torrid Evil (You acquired it on level 10 of the Dungeon)
 15753 | D:10     | Learned a level 4 spell: Sticky Flame
 15778 | D:10     | Learned a level 5 spell: Fireball
 15782 | D:10     | Learned a level 3 spell: Regeneration
 15808 | D:10     | Noticed a skeletal warrior
 16005 | D:10     | Reached skill level 5 in Stealth
 16092 | Orc:1    | Entered Level 1 of the Orcish Mines
 16272 | Orc:2    | Entered Level 2 of the Orcish Mines
 16319 | Orc:2    | Noticed an orc sorcerer
 16324 | Orc:2    | Noticed a sun demon
 16324 | Orc:2    | Killed an orc sorcerer
 16491 | Orc:2    | Noticed an orc high priest
 16499 | Orc:2    | Killed an orc high priest
 16656 | Orc:2    | Noticed an orc high priest
 16672 | Orc:2    | Reached skill level 1 in Charms
 16674 | Orc:2    | Noticed a sun demon
 16689 | Orc:2    | Demolished by a sun demon

Skill      XL: |  1  2  3  4  5  6  7  8  9 10 11 |
---------------+----------------------------------+-----
Conjurations   | 5 6 7 8 10 11 | 11.4
Stealth        | 3 4 5 |  5.1
Spellcasting   | 4 6 7 9 11 12 13 | 13.6
Dodging        | 3 4 5 6 7 |  7.6
Hexes          | 2 4 6 7 |  7.7
Fighting       | 1 |  1.6
Invocations    | 2 4 6 |  6.3
Evocations     | 1 |  1.2
Charms         | 1 |  1.1
Short Blades   | |  0.4
Translocations | |  0.2
Fire Magic     | |  0.4
Air Magic      | |  0.2
Poison Magic   | |  0.2

Action                   |  1- 3 |  4- 6 |  7- 9 | 10-12 || total
-------------------------+-------+-------+-------+-------++-------
Melee: Dagger            |       |    11 |     1 |       ||    12
       Whip              |       |       |     2 |       ||     2
       Scimitar          |       |       |     6 |       ||     6
       Flail             |       |       |       |     1 ||     1
 Cast: Magic Dart        |    85 |    48 |   115 |    71 ||   319
       Searing Ray       |     3 |    12 |    32 |    33 ||    80
       Dazzling Spray    |       |     9 |    53 |    69 ||   131
       Iskenderun's Myst |       |     1 |     5 |    23 ||    29
       Fulminant Prism   |       |       |    20 |    15 ||    35
       Blink             |       |       |       |     6 ||     6
       Iskenderun's Batt |       |       |       |    10 ||    10
       Fireball          |       |       |       |     4 ||     4
       Mephitic Cloud    |       |       |       |     4 ||     4
       Sticky Flame      |       |       |       |     2 ||     2
       Regeneration      |       |       |       |     2 ||     2
Invok: Channel Energy    |       |       |       |    37 ||    37
       Forget Spell      |       |       |       |     1 ||     1
Evoke: Wand              |       |       |     6 |     2 ||     8
  Use: Scroll            |     2 |     1 |     8 |    16 ||    27
       Potion            |       |       |     3 |       ||     3
  Eat: Bread ration      |     1 |       |     3 |     4 ||     8
       Meat ration       |       |     1 |     1 |       ||     2
       Fruit             |       |       |     1 |     3 ||     4
       Pizza             |       |       |     1 |       ||     1
       Beef jerky        |       |       |       |     3 ||     3
Armor: Robe              |     2 |    18 |    15 |     3 ||    38
Dodge: Dodged            |    10 |    39 |   119 |    87 ||   255
